 Dungeon Crawl Stone Soup version 0.19.0-11-g3fc08b3 (webtiles) character file.

2480 Krapule the Transmogrifier (level 9, -10/41 HPs)
             Began as a Felid Transmuter on Nov 8, 2016.
             Mangled by a troll (17 damage)
             ... on level 9 of the Dungeon.
             The game lasted 01:29:01 (14505 turns).

Krapule the Transmogrifier (Felid Transmuter)      Turns: 14505, Time: 01:29:02

Health: -10/41     AC:  6    Str: 12    XL:     9   Next: 27%
Magic:  17/17      EV: 25    Int: 17    God:    Xom [.....*]
Gold:   526        SH:  0    Dex: 19    Spells: 3 memorised, 11 levels left
                                        Lives:  0   Deaths: 2

rFire  + . .     SeeInvis +       - Unarmed
rCold  + . .     Gourm    .     (armour unavailable)
rNeg   . . .     Faith    .     (shield unavailable)
rPois  .         Spirit   .     (helmet unavailable)
rElec  +         Reflect  .     (cloak unavailable)
rCorr  .         Harm     .     (gloves unavailable)
MR     ++...                    (boots unavailable)
Stlth  +++++.....               (no amulet)
                                D - ring of Res Nullius {+Blink rElec rC+ AC+4 Stlth+}
                                x - +4 ring of strength

@: appendage, quick
A: no armour, no weapons or thrown items, stealth, claws 1, fangs 3, horns 2,
see invisible, carnivore 3, clever 1, fire resistance 1, speed 1, magic
resistance 1, shaggy fur 2, slow metabolism 1, strong 1, evolution 1, MP-powered
wands, sharp paws
a: End Transformation, Renounce Religion, Evoke Blink


You were on level 9 of the Dungeon.
You worshipped Xom.
You were Xom's teddy bear.
You were very full.
You had grown temporary horns.
You visited 2 branches of the dungeon, and saw 11 of its levels.

You collected 526 gold pieces.

Inventory:

Jewellery
 j - an uncursed ring of fire
 x - a +4 ring of strength (left paw)
 D - the ring of Res Nullius (right paw) {+Blink rElec rC+ AC+4 Stlth+}
   (You found it on level 7 of the Dungeon)

   [ring of protection]

   It affects your AC (+4).
   It protects you from cold.
   It insulates you from electricity.
   It lets you blink.
   It makes you more stealthy.
 G - an uncursed ring of resist corrosion
Wands
 p - a wand of lightning (0/15)
 C - a wand of disintegration (0/24)
Scrolls
 a - a scroll of identify
 f - 2 scrolls of amnesia
 g - 5 scrolls of remove curse
 l - 3 scrolls of fear {unknown}
 m - 5 scrolls of teleportation {unknown}
 n - 2 scrolls of enchant armour {unknown}
 q - 2 scrolls of immolation {unknown}
 s - a scroll of recharging {unknown}
 u - 2 scrolls of noise {unknown}
 w - 3 scrolls of magic mapping {unknown}
 z - 2 scrolls of random uselessness {unknown}
 A - a scroll of blinking {unknown}
Potions
 d - a potion of heal wounds
 h - 3 potions of cancellation
 i - a potion of ambrosia
 k - a potion of curing
 o - 2 potions of might
 r - a potion of magic
 t - a potion of haste
 B - 3 potions of brilliance
Books
 b - a book of Changes

   Spells                             Type                      Level
   a - Beastly Appendage              Transmutation                1
   b - Sticks to Snakes               Transmutation                2
   c - Spider Form                    Transmutation/Poison         3
   d - Ice Form                       Ice/Transmutation            4
   e - Blade Hands                    Transmutation                5
 y - a book of Necromancy

   Spells                             Type                      Level
   a - Pain                           Necromancy                   1
   b - Animate Skeleton               Necromancy                   1
   c - Vampiric Draining              Necromancy                   3
   d - Regeneration                   Charms/Necromancy            3
   e - Animate Dead                   Necromancy                   4
   f - Control Undead                 Necromancy                   4
Comestibles
 c - 5 meat rations
 v - a beef jerky
 F - 8 slices of pizza


   Skills:
 + Level 5.9 Fighting
 + Level 8.6 Dodging
 - Level 6.0 Stealth
 + Level 6.5 Unarmed Combat
 + Level 5.1 Spellcasting
 * Level 9.2 Transmutations


You had 11 spell levels left.
You knew the following spells:

 Your Spells              Type           Power        Failure   Level  Hunger
a - Beastly Appendage     Tmut           #####.       1%          1    None
b - Ice Form              Ice/Tmut       ###.....     24%         4    ####...
z - Sticks to Snakes      Tmut           #####...     1%          2    #......


Dungeon Overview and Level Annotations

Branches:
Dungeon (10/15)            Temple (1/1) D:6            Lair (0/6) D:10
    Orc: D:9-12

Altars:
Ashenzari
Cheibriados
Dithmenos
Elyvilon
Fedhas
Gozag
Hepliaklqana
Kikubaaqudgha
Makhleb
Nemelex Xobeh
Okawaru
Qazlal
Ru
Sif Muna
Trog
Vehumet
Xom
Yredelemnul
Zin
The Shining One

Shops:
D:4 *

Annotations:
D:2 Sigmund
D:3 C0ssack's ghost, amateur SpEn
D:7 lynn's ghost, novice FoFi


Innate Abilities, Weirdness & Mutations

You cannot wear armour.
You are incapable of wielding weapons or throwing items.
Your paws allow you to move quietly. (Stealth)
You have sharp claws.
You have razor-sharp teeth.
You have supernaturally acute eyesight. (SInv)
You are carnivorous and can eat meat at any time.
You cover ground quickly.
You are covered in thick fur. (AC +2)
You have a slow metabolism.
Your sharp claws are effective at attacking unaware monsters.
You have a pair of horns on your head.
Your mind is acute. (Int +2)
Your flesh is heat resistant. (rF+)
You are resistant to hostile enchantments. (MR+)
Your muscles are strong. (Str +2)
You evolve.
You expend magic power (3 MP) to strengthen your wands.


Message History

The troll barely misses you. The troll closely misses you. The troll claws you!
You claw the troll!
You headbutt the troll, but do no damage.
The troll is heavily wounded.
The troll completely misses you. The troll claws you.
The troll closely misses you.
You barely miss the troll. Your bite misses the troll.
The troll is heavily wounded.
The troll closely misses you. The troll claws you but does no damage.
The troll claws you!
You scratch the troll.
The troll is severely wounded.
The troll completely misses you. The troll claws you!
* * * LOW HITPOINT WARNING * * *
The troll closely misses you.
You scratch the troll. You bite the troll, but do no damage.
The troll is severely wounded.
The troll bites you!
You die...
Xom chuckles heartily!

#...#..............
#...#............<.
#...#..............
###...#..............
#.....###############
#.........)..........
#....#####''###......
#...T#.......T#......
#...@#........'......
#....#........#......
######....#$.......##..†..
#.........#.........+.Go..
#.........#.........#.....
#..######.###########.....
#..#....#.................
#..'....#........>.######'
#..#....#..........#......


You could see a troll.

Vanquished Creatures
  3 hippogriffs
  2 wargs (D:9)
  A water moccasin (D:7)
  An orc warrior (D:7)
  3 ice beasts
  2 necrophages (D:6)
  2 phantoms
  An eye of draining (D:8)
  2 ogres
  A big kobold (D:8)
  2 bullfrogs
  7 killer bees (D:9)
  A howler monkey (D:7)
  A jelly (D:6)
  3 crimson imps
  4 hounds
  2 bullfrog zombies
  A centaur skeleton (D:6)
  3 orc priests
  7 orc wizards
  Jessica (D:3)
  Ijyb (D:2)
  Terence (D:3)
  4 worker ants
  A hound skeleton (D:9)
  A worker ant zombie (D:8)
  7 gnolls (D:5)
  A howler monkey skeleton (D:8)
  10 adders
  3 shadow imps
  2 oozes
  2 adder skeletons
  3 dart slugs
  5 leopard geckos
  30 orcs
  3 giant cockroaches
  8 goblins
  4 hobgoblins
  8 jackals
  5 quokkas
  6 bats
  4 frilled lizards
  A giant cockroach zombie (D:6)
  A jackal skeleton (D:8)
  7 kobolds
  A leopard gecko zombie (D:7)
  A quokka skeleton (D:4)
  A quokka zombie (D:5)
  6 rats
177 creatures vanquished.

Vanquished Creatures (collateral kills)
  A hippogriff (D:7)
  A spriggan (D:8)
  A hungry ghost (D:6)
  An orc warrior (D:6)
  An ice beast (D:5)
  3 ogres
  2 centaurs
  A bullfrog (D:6)
  A killer bee (D:9)
  A crimson imp (D:7)
  Crazy Yiuf (D:3)
  4 orc priests
  4 orc wizards
  2 iguanas
  A worker ant (D:5)
  A gnoll (D:5)
  A worm (D:2)
  7 orcs
  2 jackals (D:4)
  A kobold (D:8)
  A quokka (D:8)
  A bat (D:2)
39 creatures vanquished.

Vanquished Creatures (others)
  A jackal (D:9)
1 creature vanquished.

Grand Total: 217 creatures vanquished

Notes
Turn   | Place    | Note
-------+----------+-------------------------------------------
     0 | D:1      | Krapule the Felid Transmuter began the quest for the Orb.
     0 | D:1      | Reached XP level 1. HP: 9/9 MP: 4/4
   330 | D:1      | Reached XP level 2. HP: 4/12 MP: 6/6
  1065 | D:2      | Noticed Ijyb
  1092 | D:2      | Killed Ijyb
  1092 | D:2      | Reached XP level 3. HP: 7/15 MP: 5/7
  1240 | D:2      | Learned a level 2 spell: Sticks to Snakes
  1301 | D:2      | Noticed Sigmund
  1555 | D:2      | Reached XP level 4. HP: 14/19 MP: 5/8
  1983 | D:2      | Reached skill level 3 in Transmutations
  2183 | D:3      | Noticed Terence
  2537 | D:3      | Found a runed door.
  2541 | D:3      | Noticed Crazy Yiuf
  2568 | D:3      | Killed Crazy Yiuf
  2568 | D:3      | Reached skill level 1 in Stealth
  2577 | D:3      | Noticed C0ssack's ghost (amateur SpEn)
  2759 | D:3      | Reached XP level 5. HP: 11/22 MP: 4/10
  2943 | D:3      | Killed Terence
  3260 | D:3      | Noticed Jessica
  3359 | D:3      | Killed Jessica
  3691 | D:3      | Found a hazy altar of Hepliaklqana.
  4763 | D:4      | Found an ancient bone altar of Kikubaaqudgha.
  4766 | D:4      | Found a blossoming altar of Fedhas.
  4769 | D:4      | Found a sacrificial altar of Ru.
  4911 | D:4      | Gained mutation: You are covered in thick fur. (AC +2) [Felid growth]
  4911 | D:4      | Reached XP level 6. HP: 26/26 MP: 3/11
  4925 | D:4      | Found a sacrificial altar of Ru.
  5434 | D:4      | Found Deilir's General Store.
  5470 | D:4      | Reached skill level 4 in Transmutations
  5717 | D:5      | Entered Level 5 of the Dungeon
  5717 | D:5      | Noticed an ice beast
  6104 | D:5      | Shot with an arrow by a centaur
  6105 | D:5      | Reached XP level 5. HP: 0/23 MP: 9/10
  6158 | D:5      | Killed a centaur
  6158 | D:5      | Reached skill level 5 in Dodging
  6158 | D:5      | Reached XP level 6. HP: 9/27 MP: 7/11
  6551 | D:5      | Killed an ice beast
  6577 | D:5      | Noticed an ice beast
  6610 | D:5      | Killed an ice beast
  6610 | D:5      | Reached skill level 5 in Transmutations
  6870 | D:5      | Reached XP level 7. HP: 7/31 MP: 12/12
  7525 | D:5      | Found a sparkling altar of Nemelex Xobeh.
  8750 | D:6      | Noticed a hungry ghost
  8779 | D:6      | Found a staircase to the Ecumenical Temple.
  8788 | Temple   | Entered the Ecumenical Temple
  8947 | Temple   | Became a worshipper of Xom of Chaos
  8987 | D:7      | Noticed a hippogriff
  9013 | D:7      | XOM: harmless Fire miscast
  9016 | D:7      | XOM: butterfly on damage
  9121 | D:7      | XOM: harmless Chrm miscast
  9205 | D:7      | XOM: noise
  9210 | D:7      | Found a bloodstained altar of Trog.
  9225 | D:7      | Found a radiant altar of Vehumet.
  9272 | D:7      | XOM: summons friendly iron imp
  9640 | D:6      | Reached skill level 6 in Transmutations
  9640 | D:6      | Reached XP level 8. HP: 32/34 MP: 7/14
  9655 | D:6      | Reached skill level 5 in Unarmed Combat
  9762 | D:6      | XOM: scenery: create altars
  9764 | D:6      | XOM: fog
  9815 | D:6      | Reached skill level 5 in Stealth
  9955 | D:7      | Found a sparkling altar of Nemelex Xobeh.
 10025 | D:7      | XOM: 1-stop teleportation journey
 10119 | D:7      | XOM: potion effect (agility)
 10128 | D:7      | XOM: cast spell 'Hydra Form'
 10132 | D:7      | XOM: destruction
 10135 | D:7      | XOM: summons friendly shadow imp
 10329 | D:7      | Learned a level 4 spell: Ice Form
 10589 | D:7      | XOM: mild Erth miscast
 10623 | D:7      | XOM: noise
 10631 | D:7      | XOM: mild Tloc miscast
 10633 | D:7      | XOM: harmless Erth miscast
 10795 | D:8      | Noticed a hippogriff
 10803 | D:8      | Killed a hippogriff
 10803 | D:8      | Reached skill level 7 in Transmutations
 10824 | D:8      | XOM is BORED!
 10824 | D:8      | XOM: repel stairs
 11006 | D:8      | Reached XP level 9. HP: 32/37 MP: 13/16
 11085 | D:8      | XOM: 4-stop teleportation journey
 11188 | D:7      | Got a sparkling copper ring
 11210 | D:7      | Identified the ring of Res Nullius {+Blink rElec rC+ AC+4 Stlth+} (You found it on level 7 of the Dungeon)
 11229 | D:7      | XOM: divination: detect creatures
 11272 | D:7      | XOM: harmless Air miscast
 11296 | D:7      | XOM: polymorph ball python -> ooze
 11316 | D:7      | XOM: 6-stop teleportation journey
 11318 | D:7      | XOM: noise
 11411 | D:7      | XOM: give mutations
 11411 | D:7      | Gained mutation: You evolve. [Xom's grace]
 11411 | D:7      | Gained mutation: You are resistant to hostile enchantments. (MR+) [Xom's grace]
 11411 | D:7      | Gained mutation: Your muscles are strong. (Str +2) [Xom's grace]
 11411 | D:7      | Gained mutation: Your flesh is heat resistant. (rF+) [Xom's grace]
 11414 | D:7      | XOM: silly message
 11459 | D:7      | XOM: confusion (+ monsters)
 11462 | D:7      | XOM: enchant monster (bad)
 11508 | D:7      | Reached skill level 5 in Fighting
 11563 | D:7      | Reached skill level 8 in Transmutations
 11656 | D:7      | Noticed lynn's ghost (novice FoFi)
 11927 | D:8      | XOM: chaos upgrade
 11929 | D:8      | Gained mutation: You expend magic power (3 MP) to strengthen your wands. [evolution]
 12054 | D:8      | XOM: swap monsters
 12213 | D:8      | XOM: scenery: 1 doors close
 12506 | D:9      | Found an iron altar of Okawaru.
 12729 | D:9      | XOM: swap monsters
 13017 | D:9      | XOM: silly message
 13030 | D:9      | XOM: 5-stop teleportation journey
 13076 | D:9      | XOM: 2-stop teleportation journey
 13104 | D:10     | Entered Level 10 of the Dungeon
 13123 | D:10     | XOM: noise
 13128 | D:10     | Found a staircase to the Lair.
 13128 | D:10     | XOM: swap monsters
 13201 | D:9      | XOM: destruction
 13202 | D:9      | XOM: enchant monster (good)
 13203 | D:9      | XOM: swap monsters
 13244 | D:10     | XOM: potion effect (might)
 13246 | D:9      | XOM: potion effect (haste)
 13478 | D:8      | XOM: give mutation
 13478 | D:8      | Gained mutation: Your mind is acute. (Int +2) [Xom's grace]
 13670 | D:9      | XOM: divination: detect items
 13728 | D:9      | XOM: god gift: dagger {god gift}
 13740 | D:9      | XOM: summons 4 hostile shadow creatures
 13749 | D:9      | Killed from afar by an orc priest
 13750 | D:9      | Reached XP level 8. HP: -2/38 MP: 16/16
 13760 | D:9      | XOM: confuse monster(s)
 13775 | D:9      | Reached skill level 5 in Spellcasting
 13797 | D:9      | XOM: confuse monster(s)
 13805 | D:8      | XOM: harmless Tloc miscast
 14033 | D:8      | Noticed a hippogriff
 14051 | D:8      | Killed a hippogriff
 14051 | D:8      | Reached skill level 9 in Transmutations
 14051 | D:8      | Reached XP level 9. HP: 23/41 MP: 17/17
 14224 | D:9      | XOM: harmless Erth miscast
 14227 | D:9      | XOM: swap monsters
 14229 | D:9      | XOM: summons friendly white imp
 14437 | D:9      | XOM: confuse monster(s)
 14484 | D:9      | Noticed a troll
 14505 | D:9      | Mangled by a troll

Skill      XL: |  1  2  3  4  5  6  7  8  9 |
---------------+----------------------------+-----
Dodging        | 3 4 5 6 7 8 |  8.6
Transmutations | 3 5 6 9 8 |  9.2
Stealth        | 1 3 4 5 6 |  6.0
Spellcasting   | 3 5 |  5.1
Fighting       | 2 3 4 5 |  5.9
Unarmed Combat | 4 5 6 |  6.5

Action                   |  1- 3 |  4- 6 |  7- 9 || total
-------------------------+-------+-------+-------++-------
Melee: Unarmed           |    92 |   213 |   459 ||   764
       Bite              |     8 |    20 |    40 ||    68
       Punch             |     2 |     3 |     9 ||    14
       Headbutt          |     5 |     6 |    46 ||    57
 Cast: Beastly Appendage |     4 |     9 |    34 ||    47
       Sticks to Snakes  |     1 |    59 |    55 ||   115
Evoke: Wand              |       |     2 |     6 ||     8
  Use: Scroll            |     2 |     2 |     8 ||    12
       Potion            |       |       |     2 ||     2
 Stab: Sleeping          |     4 |     6 |    15 ||    25
       Distracted        |     1 |     7 |     4 ||    12
       Confused          |       |       |     2 ||     2
  Eat: Chunk             |       |    25 |    24 ||    49
Armor: Skin              |     4 |     5 |    33 ||    42
Dodge: Dodged            |    72 |   168 |   444 ||   684
